Map: Bel'Shir Vestige LE (Void)

Players

dallaskuken - Winner!

  • Race: Protoss Protoss
  • League: Platinum
  • Spawn Location: 5:00

Natiking

  • Race: Protoss Protoss
  • League: Diamond
  • Spawn Location: 11:00

VOD

Have the link to the VOD?

Description

Time

  • Played on: April 11, 2017, 6:32 p.m.
  • Length: 11:12
Show
View Real Time Build Order
Export as new Build Order

dallaskuken Protoss - Winner!

Build Orders: Cannon Rush 

Get SALT Encoding   

  12  0:01  Probe (Chrono Boost)  
  13  0:16  Pylon  
  13  0:18  Probe (Chrono Boost)  
  14  0:29  Probe (Chrono Boost)  
  15  0:46  Forge  
  15  0:48  Pylon  
  15  0:54  Probe (Chrono Boost)  
  16  1:15  Probe (Chrono Boost)  
  16  1:16  Gateway  
  17  1:22  Photon Cannon  
  17  1:25  Probe (Chrono Boost)  
  18  1:33  Photon Cannon  
  18  1:39  Pylon  
  18  1:46  Probe (Chrono Boost)  
  19  1:49  Assimilator  
  19  1:59  Photon Cannon  
  19  2:06  Photon Cannon  
  19  2:08  Probe (Chrono Boost)  
  19  2:14  Cybernetics Core  
  20  2:19  Probe (Chrono Boost)  
  21  2:35  Probe (Chrono Boost)  
  22  2:40  Assimilator  
  22  2:53  Probe (Chrono Boost)  
  22  2:55  Nexus  
  22  2:56  Warp Gate  
  23  3:03  Probe (Chrono Boost)  
  24  3:11  Pylon  
  24  3:18  Probe (Chrono Boost)  
  25  3:29  Probe (Chrono Boost)  
  25  3:32  Stargate  
  26  3:40  Probe (Chrono Boost)  
  27  3:47  Pylon  
  27  3:49  Pylon  
  27  3:50  Probe (Chrono Boost)  
  28  4:01  Probe (Chrono Boost)  
  29  4:11  Probe (Chrono Boost)  
  29  4:12  Probe (Chrono Boost)  
  31  4:18  Oracle  
  31  4:20  Assimilator  
  31  4:22  Assimilator, Probe (Chrono Boost)  
  31  4:23  Probe (Chrono Boost)  
  36  4:32  Probe (Chrono Boost)  
  36  4:37  Probe (Chrono Boost)  
  38  4:43  Probe (Chrono Boost)  
  39  4:48  Probe (Chrono Boost)  
  40  4:53  Probe (Chrono Boost)  
  40  4:58  Probe (Chrono Boost), Fleet Beacon  
  42  5:00  Void Ray  
  42  5:04  Probe (Chrono Boost)  
  47  5:09  Probe (Chrono Boost)  
  48  5:14  Probe (Chrono Boost)  
  48  5:19  Probe (Chrono Boost)  
  50  5:25  Mothership Core (Chrono Boost)  
  52  5:30  Probe (Chrono Boost)  
  53  5:40  Probe (Chrono Boost)  
  53  5:41  Carrier  
  60  5:58  Pylon  
  60  5:59  Pylon  
  60  6:08  Probe (Chrono Boost)  
  60  6:10  Probe (Chrono Boost)  
  62  6:17  Stargate x2  
  62  6:20  Probe (Chrono Boost)  
  62  6:21  Protoss Air Weapons Level 1  
  63  6:29  Pylon  
  63  6:31  Pylon  
  69  6:45  Nexus  
  69  6:47  Pylon  
  69  6:48  Pylon  
  69  6:51  Pylon  
  69  6:55  Photon Cannon  
  69  6:57  Photon Cannon  
  69  7:00  Carrier  
  75  7:07  Void Ray  
  79  7:32  Carrier  
  82  7:40  Probe (Chrono Boost)  
  83  7:44  Graviton Catapult  
  83  7:50  Probe (Chrono Boost)  
  84  8:00  Probe (Chrono Boost)  
  84  8:01  Probe (Chrono Boost)  
  84  8:03  Assimilator  
  84  8:05  Assimilator  
  86  8:11  Probe x2 (Chrono Boost)  
  88  8:12  Carrier  
  88  8:14  Protoss Air Armor Level 1  
  94  8:21  Probe (Chrono Boost)  
  94  8:22  Probe (Chrono Boost)  
  96  8:32  Probe x2 (Chrono Boost)  
  98  8:42  Carrier, Probe (Chrono Boost)  
  98  8:43  Probe (Chrono Boost)  
  106  8:53  Probe (Chrono Boost)  
  107  9:06  Carrier, Pylon  
  107  9:08  Pylon  
  113  9:10  Pylon  
  113  9:12  Pylon x2  
  113  9:13  Pylon  
  113  9:22  Cybernetics Core  
  113  9:38  Carrier  
  119  10:10  Stargate  
  119  10:12  Stargate, Nexus  
Show
View Real Time Build Order
Export as new Build Order

Natiking Protoss 

Build Orders:  

Get SALT Encoding   

  12  0:01  Probe (Chrono Boost)  
  13  0:11  Probe (Chrono Boost)  
  14  0:22  Probe (Chrono Boost)  
  14  0:24  Pylon  
  15  0:29  Assimilator  
  15  0:45  Probe (Chrono Boost)  
  15  0:46  Gateway  
  16  0:56  Probe (Chrono Boost)  
  17  1:03  Forge  
  17  1:07  Probe (Chrono Boost)  
  18  1:17  Probe (Chrono Boost)  
  19  1:25  Pylon  
  19  1:28  Probe (Chrono Boost)  
  19  1:30  Assimilator  
  19  1:32  Zealot  
  22  1:38  Probe (Chrono Boost)  
  23  1:50  Photon Cannon  
  23  1:57  Photon Cannon  
  23  2:12  Photon Cannon  
  23  2:21  Pylon  
  23  2:22  Zealot  
  25  2:48  Pylon  
  25  2:51  Zealot  
  25  2:54  Gateway  
  25  2:58  Cybernetics Core  
  27  3:09  Photon Cannon  
  27  3:11  Probe (Chrono Boost)  
  28  3:21  Zealot  
  28  3:27  Warp Gate  
  30  3:29  Pylon  
  30  3:38  Stargate  
  30  3:49  Sentry  
  32  3:55  Photon Cannon  
  32  4:00  Probe (Chrono Boost)  
  33  4:05  Zealot  
  35  4:12  Probe (Chrono Boost)  
  36  4:33  Zealot  
  36  4:37  Fleet Beacon  
  36  5:09  Nexus  
  36  5:11  Pylon  
  36  5:22  Pylon  
  36  5:26  Tempest  
  36  5:53  Stalker  
  38  6:27  Photon Cannon  
  38  6:28  Probe x2 (Chrono Boost)  
  40  6:37  Stalker  
  43  6:40  Probe (Chrono Boost)  
  43  6:41  Probe (Chrono Boost)  
  44  6:52  Probe (Chrono Boost)  
  44  6:53  Probe (Chrono Boost)  
  46  7:04  Probe (Chrono Boost)  
  47  7:10  Pylon  
  47  7:14  Probe (Chrono Boost)  
  48  7:16  Sentry  
  48  7:17  Sentry  
  48  7:22  Probe (Chrono Boost)  
  53  7:25  Probe (Chrono Boost)  
  52  7:34  Probe (Chrono Boost)  
  52  7:36  Probe (Chrono Boost)  
  52  7:43  Sentry x2  
  56  7:47  Probe x2 (Chrono Boost)  
  58  7:57  Probe (Chrono Boost), Void Ray  
  60  7:59  Probe (Chrono Boost)  
  64  8:08  Probe (Chrono Boost)  
  64  8:11  Probe (Chrono Boost)  
  66  8:13  Photon Cannon  
  66  8:21  Stalker x2  
  70  8:27  Probe (Chrono Boost)  
  71  8:38  Probe (Chrono Boost)  
  71  8:40  Void Ray  
  71  8:41  Gateway  
  77  8:48  Probe (Chrono Boost)  
  77  9:02  Probe (Chrono Boost)  
  78  9:13  Probe (Chrono Boost)  
  79  9:17  Void Ray  
  79  9:20  Stalker x2  
  79  9:23  Probe (Chrono Boost)  
  88  9:34  Probe (Chrono Boost)  
  88  9:37  Assimilator  
  89  9:39  Assimilator  
  89  9:44  Probe (Chrono Boost)  
  89  9:53  Stalker x2  
  89  9:55  Probe (Chrono Boost)  
  89  9:58  Pylon  
  89  9:59  Pylon  
  94  10:01  Pylon  
  94  10:16  Probe (Chrono Boost)  
  91  10:27  Probe (Chrono Boost)  
Tags
 
Add a new tag
Caveats
  • Supply blocks, unpowered buildings, or Contaminate may cause inaccurate times.
  • Supply counts are checked every 10 seconds.